 Dungeon Crawl Stone Soup version 0.32-a0-132-g2d33c3cfaf (webtiles) character file.

Game seed: 571517999397350914

228 SmokeWeed the Ducker (level 6, -7/42 HPs)
             Began as a Djinni Fire Elementalist on Feb 10, 2024.
             Mangled by an iguana (10 damage)
             ... on level 6 of the Dungeon.
             The game lasted 00:10:07 (2444 turns).

SmokeWeed the Ducker (Djinni Fire Elementalist)     Turns: 2444, Time: 00:10:07

Health: -7/42      AC:  2    Str:  7    XL:     6   Next: 23%
Gold:   150        EV: 14    Int: 19    God:
                   SH:  0    Dex: 19

rFire   + + .        d - +0 short sword (flame)
rCold   x . .        (no shield)
rNeg    . . .        a - +0 robe
rPois   ∞            (no helmet)
rElec   .            (no cloak)
rCorr   .            (no gloves)
SInv    +            (boots unavailable)
Will    .....        (no amulet)
Stlth   +++          f - +6 ring of dexterity
HPRegen 0.27/turn    l - ring of see invisible
MPRegen 0.00/turn

%: infuse magic (-8 HP)
@: about to teleport, flying
A: sickness immunity, fire resistance 2, cold vulnerability 1, float, innate
caster, HP casting, extra vitality 1
a: no special abilities


You were on level 6 of the Dungeon.
You visited 2 branches of the dungeon, and saw 5 of its levels.

You collected 150 gold pieces.

Inventory:

Hand Weapons
 d - a +0 short sword of flaming (weapon)
 r - the +4 long sword "Zulyuts" {distort, rC+ Str-4 Int+2}
   (You found it on level 6 of the Dungeon)

   Str-4:     It affects your strength (-4).
   Int+2:     It affects your intelligence (+2).
   rC+:       It protects you from cold.
Missiles
 b - 4 atropa-tipped darts
Armour
 a - a +0 robe (worn)
Magical Staves
 n - a staff of alchemy
Jewellery
 f - a +6 ring of dexterity (left hand)
 l - a ring of see invisible (right hand)
 m - a ring of willpower
Wands
 k - a wand of digging (5)
Potions
 g - a potion of heal wounds
 h - 3 potions of enlightenment
 i - a potion of lignification {unknown}
 j - 2 potions of curing
 o - 3 potions of brilliance
 p - a potion of cancellation {unknown}
 q - a potion of haste {unknown}


   Skills:
 + Level 1.5 Fighting
 + Level 1.9 Short Blades
 + Level 4.2 Dodging
 + Level 3.0 Stealth
 + Level 3.2 Spellcasting
 + Level 3.2 Conjurations
 + Level 3.2 Hexes
 + Level 3.2 Summonings
 + Level 3.2 Necromancy
 + Level 3.2 Translocations
 + Level 3.2 Fire Magic
 + Level 3.2 Ice Magic
 + Level 3.2 Air Magic
 + Level 3.2 Earth Magic
 + Level 3.2 Alchemy


You knew the following spells:

 Your Spells              Type           Power      Damage    Failure   Level
a - Foxfire               Conj/Fire      60%        2x1d7     4%          1
b - Scorch                Fire           30%        2d6       6%          2
c - Volatile Blastmotes   Fire/Tloc      30%        2d12      12%         3
d - Inner Flame           Hex/Fire       15%        N/A       12%         3
e - Flame Wave            Conj/Fire      15%        2d7       36%         4
f - Necrotise             Necr           60%        1d7       4%          1
g - Blink                 Tloc           30%        N/A       6%          2
Your spell library was empty.

Dungeon Overview and Level Annotations

Branches:
Dungeon (6/15)             Temple (1/1) D:6

Altars:
Ashenzari
Cheibriados
Elyvilon
Fedhas
Hepliaklqana
Okawaru
Qazlal
Ru
Trog
Xom
Yredelemnul
The Shining One

Shops:
D:2 (:


Innate Abilities, Weirdness & Mutations

You are immune to sickness and miasma.
You are immune to poison.
Your flesh is very heat resistant. (rF++)
You are vulnerable to cold. (rC-)
You float through the air rather than walking.
You learn spells naturally, not from books.
Your magical power is your life essence.
You have superior vitality. (+4 MHP)


Message History

Your magical contamination has completely faded away.
The black bear bites you. The black bear barely misses you.
The black bear claws you.
* * * LOW HITPOINT WARNING * * *
The black bear attacks as it pursues you!
The black bear barely misses you. The black bear closely misses you.
The black bear claws you.
* * * LOW HITPOINT WARNING * * *
Okay, then.
Casting: Scorch (safe; 6% risk of failure)
Confirm with . or Enter, or press ? or * to list all spells.
You blink.
* * * LOW HITPOINT WARNING * * *
The iguana attacks as it pursues you! The iguana barely misses you.
You see here an adder corpse.
An iguana comes into view.
The iguana attacks as it pursues you! The iguana misses you.
A hound comes into view.
The iguana attacks as it pursues you! The iguana bites you.
* * * LOW HITPOINT WARNING * * *
You feel ready to blink again.
An orc comes into view. It is wielding a +0 hand axe.
An orc comes into view. It is wielding a +0 flail.
The hound bites you.
* * * LOW HITPOINT WARNING * * *
An orc comes into view. It is wielding a +0 short sword.
The orc moves out of view.
The hound barely misses you.
The orc shouts!
You closely miss the orc.
The orc shouts! x2
You punch the orc.
The orc is moderately wounded.
You hear a shout!
You hear a roar!
The hound bites you.
* * * LOW HITPOINT WARNING * * *
The orc completely misses you.
As you read the scroll of teleportation, it crumbles to dust.
You feel strangely unstable. The hound barely misses you. The iguana bites you!
You die...

>.≈≈≈≈≈≈.## ...##
..≈≈≈≈≈≈..# ### .#..
≈≈≈≈≈≈≈.... #.. ...
≈≈≈≈≈...... #.###.###
≈≈≈.......# #.#..#..#
..........# #.#....o#.#
.########.###..#.#.#..#
.# ######.h...#lh...#
.###......†zl.#l@#..#
.....##.###.#####o###
####.##.#..⌠..#[...$#
...#l#.....#.....#.
##..#..⌠.).⌠†..(....
#..#.#.....#.....#..
#..#.#..⌠..#)...(#...
...#.###.#####.### #.
...#....... ...


You could see 2 iguanas, a hound and 2 orcs.

Vanquished Creatures
  A black bear (D:6)
  A wight (D:6)
  5 adders
  A ribbon worm (D:2)
  2 ball pythons
  2 endoplasms (D:1)
  2 giant cockroaches
  3 goblins
  5 hobgoblins
  3 quokkas
  7 bats
  4 frilled lizards
  7 kobolds
  5 rats
48 creatures vanquished.

Vanquished Creatures (others)
  86 foxfires
86 creatures vanquished.

Grand Total: 134 creatures vanquished

Notes
Turn   | Place    | Note
-------+----------+-------------------------------------------
     0 | D:1      | SmokeWeed the Djinni Fire Elementalist began the quest for
                  | the Orb.
     0 | D:1      | SmokeWeed set off with the following spells memorised:
                  | Foxfire, Scorch, Volatile Blastmotes, Inner Flame, Flame
                  | Wave.
     0 | D:1      | Reached XP level 1. HP: 15/15 MP: 0/0
   202 | D:1      | Reached XP level 2. HP: 18/21 MP: 0/0
   508 | D:1      | Reached XP level 3. HP: 7/25 MP: 0/0
   508 | D:1      | Learned a level 1 spell: Necrotise
   843 | D:1      | Reached skill level 3 in Dodging
  1425 | D:2      | Reached XP level 4. HP: 19/31 MP: 0/0
  1427 | D:2      | Found Bymurado's Weapon Emporium.
  1570 | D:2      | Found Ryahael's Book Boutique.
  1694 | D:3      | Found a white marble altar of Elyvilon.
  1794 | D:3      | Found a faded altar of an unknown god.
  1926 | D:3      | Found an iron altar of Okawaru.
  1928 | D:3      | Found a shimmering altar of Xom.
  2052 | D:3      | Reached skill level 1 in Short Blades
  2087 | D:3      | You are sucked into a shaft and drop 3 floors!
  2094 | D:6      | Found a staircase to the Ecumenical Temple.
  2101 | D:6      | Identified the +4 long sword "Zulyuts" {distort, rC+ Str-4
                  | Int+2}
  2105 | Temple   | Entered the Ecumenical Temple
  2384 | D:6      | Noticed a wight
  2391 | D:6      | Reached skill level 1 in Fighting
  2396 | D:6      | Killed a wight
  2397 | D:6      | Reached XP level 5. HP: 34/37 MP: 0/0
  2397 | D:6      | Learned a level 2 spell: Blink
  2405 | D:6      | Noticed a black bear
  2416 | D:6      | Noticed a black bear
  2430 | D:6      | Killed a black bear
  2431 | D:6      | Reached skill level 4 in Dodging
  2431 | D:6      | Reached XP level 6. HP: 22/42 MP: 0/0
  2443 | D:6      | HP: 2/42 [hound (4)]
  2444 | D:6      | Mangled by an iguana

Illustrated notes

Levels and vault maps discovered:
D:1:      eino_arrival_druids_welcome, layout_loops_corners,
          minmay_three_crescents
D:2:      layout_rooms, serial_shops, nicolae_shop_behind_doors,
          nicolae_shop_hallway_plus, nrook_loot_triangle
D:3:      layout_loops_cross, nicolae_overflow_squiral, elyvilon_altar_1,
          hellmonk_ecumenical_altar_slurped_away
D:6:      layout_loops_corners, temple_pool_b, minmay_chambers_of_fives
Temple:   jpeg_temple_clearing

Skill      XL: |  1  2  3  4  5 |
---------------+----------------+-----
Stealth        | 2 3 |  3.0
Dodging        | 3 4 |  4.2
Short Blades   | 1 |  1.9
Fighting       | 1 |  1.5
Spellcasting   | |  3.2
Conjurations   | |  3.2
Hexes          | |  3.2
Summonings     | |  3.2
Necromancy     | |  3.2
Translocations | |  3.2
Fire Magic     | |  3.2
Ice Magic      | |  3.2
Air Magic      | |  3.2
Earth Magic    | |  3.2
Alchemy        | |  3.2

Action                     |  1- 3 |  4- 6 || total
---------------------------+-------+-------++-------
  Melee: Short sword       |    72 |    20 ||    92
         Unarmed           |     1 |       ||     1
         Punch             |     2 |     2 ||     4
   Cast: Foxfire           |    37 |    20 ||    57
         Scorch            |     2 |     3 ||     5
         Necrotise         |       |     2 ||     2
         Volatile Blastmot |       |     1 ||     1
         Blink             |       |     1 ||     1
    Use: Scroll            |       |    14 ||    14
   Stab: Sleeping          |     2 |     1 ||     3
 Armour: Robe              |    45 |    22 ||    67
  Dodge: Dodged            |    69 |    32 ||   101

Table legend: (Time is in decaauts)
 A = Elapsed time spent in this place.
 B = Non-inter-level travel time spent in this place.
 C = Inter-level travel time spent in this place.
 D = Time resting spent in this place.
 E = Time spent auto-exploring this place.
 F = Levels seen in this place.
 G = Mean time per level.
                   A        B        C        D        E       F      G
               +--------+--------+--------+--------+--------+-----+--------+
         Total |   2439 |   2254 |    185 |    172 |   1523 |   5 |  487.8 |
       Dungeon |   2312 |   2240 |     72 |    172 |   1523 |   4 |  578.0 |
        Temple |    126 |     13 |    113 |      0 |      0 |   1 |  126.0 |
               +--------+--------+--------+--------+--------+-----+--------+

Top non-repeatable levels by time:
     D:1: 1134 daAuts
     D:2: 491 daAuts
     D:3: 457 daAuts
     D:6: 228 daAuts
  Temple: 126 daAuts
